[Event "SVK ECo-C Extraliga 2018-19"]
[Site "Slovakia"]
[Date "2019.03.09"]
[Round "7.3"]
[White "Jurcik, Marian"]
[Black "Mihok, Oliver"]
[Result "1/2-1/2"]
[ECO "B40"]
[WhiteElo "2462"]
[BlackElo "2540"]
[Annotator "RC"]
[PlyCount "49"]
[EventDate "2018.11.10"]
[EventType "team-tourn"]
[EventCountry "SVK"]
[SourceTitle "playchess.com"]
[Source "ChessBase"]
[SourceQuality "1"]
[WhiteTeam "Zilina"]
[BlackTeam "Podhajska"]
[TimeControl "40/5400+30:1800+30"]

1. e4 c5 2. Nf3 e6 3. b3 b6 4. Bb2 Bb7 5. Qe2 Nc6 6. g3 Nf6 7. e5 Ng4 8. Bg2 Nd4 9. Nxd4 Bxg2 10. Rg1 Bb7 11. Nxe6 dxe6 12. Qxg4 Qd5 13. Na3 h5 14. Qe2 Qf3 15. Nb5 Kd7 16. d4 a6 17. Nd6 Bxd6 18. exd6 f6 19. dxc5 bxc5 20. Rd1 Rac8 21. Qxf3 Bxf3 22. Rd3 Be4 23. Rc3 Bd5 24. Ke2 c4 25. Rd1 1/2-1/2

[Event "SVK ECo-C Extraliga 2018-19"]
[Site "Slovakia"]
[Date "2019.03.09"]
[Round "7.3"]
[White "Rojicek, Vojtech"]
[Black "Cibickova, Zuzana"]
[Result "1-0"]
[ECO "A06"]
[WhiteElo "2389"]
[BlackElo "2243"]
[Annotator "NA"]
[PlyCount "57"]
[EventDate "2018.11.10"]
[EventType "team-tourn"]
[EventCountry "SVK"]
[SourceTitle "playchess.com"]
[Source "ChessBase"]
[SourceQuality "1"]
[WhiteTeam "Liptovska"]
[BlackTeam "Komarno"]
[TimeControl "40/5400+30:1800+30"]

1. Nf3 d5 2. e3 Nf6 3. c4 c6 4. Nc3 e6 5. Qc2 Nbd7 6. b3 Bd6 7. Bb2 Qe7 8. Be2 O-O 9. g4 Rd8 10. g5 Ne8 11. h4 dxc4 12. Bxc4 ({Don't do} 12. bxc4 $6 f5 $14) 12... Nf8 $18 13. Rg1 b5 14. Be2 e5 15. Rc1 a6 16. Ne4 Bf5 17. Nf6+ Nxf6 18. Qxf5 N6d7 19. Rxc6 Bb4 20. Rg4 Rdc8 21. Rxc8 Rxc8 22. Nxe5 g6 23. Qxf7+ Qxf7 24. Nxf7 Kxf7 25. Rxb4 Rc2 26. Bc3 Rxa2 27. Bd3 Nc5 28. Bb1 Ra3 29. Bb2 1-0

[Event "SVK ECo-C Extraliga 2018-19"]
[Site "Slovakia"]
[Date "2019.03.09"]
[Round "7.3"]
[White "Istona, Martin"]
[Black "Druska, Juraj"]
[Result "1/2-1/2"]
[ECO "B06"]
[WhiteElo "2269"]
[BlackElo "2443"]
[Annotator "ChessBase"]
[PlyCount "21"]
[EventDate "2018.11.10"]
[EventType "team-tourn"]
[EventCountry "SVK"]
[SourceTitle "playchess.com"]
[Source "ChessBase"]
[SourceQuality "1"]
[WhiteTeam "Osuske"]
[BlackTeam "Prakovce"]
[TimeControl "40/5400+30:1800+30"]

1. e4 g6 2. d4 Bg7 3. Nc3 d6 4. Nf3 a6 5. Be3 b5 6. Bd3 Bb7 7. a4 b4 8. Ne2 Nf6 9. Ng3 O-O 10. Qd2 a5 11. Bh6 1/2-1/2

[Event "SVK ECo-C Extraliga 2018-19"]
[Site "Slovakia"]
[Date "2019.03.09"]
[Round "7.4"]
[White "Horvath, Csaba"]
[Black "Kostelny, Jozef"]
[Result "1-0"]
[ECO "E68"]
[WhiteElo "2510"]
[BlackElo "2212"]
[Annotator "ChessBase"]
[PlyCount "41"]
[EventDate "2018.11.10"]
[EventType "team-tourn"]
[EventCountry "SVK"]
[SourceTitle "playchess.com"]
[Source "ChessBase"]
[SourceQuality "1"]
[WhiteTeam "Podhajska"]
[BlackTeam "Zilina"]
[TimeControl "40/5400+30:1800+30"]

1. Nf3 Nf6 2. g3 g6 3. Bg2 Bg7 4. O-O O-O 5. c4 d6 6. d4 Nbd7 7. Nc3 e5 8. e4 exd4 9. Nxd4 Re8 10. h3 Nc5 11. Re1 a5 12. b3 c6 13. Bf4 Qc7 14. Ndb5 cxb5 15. Bxd6 Qb6 16. e5 b4 17. Nb5 Bd7 18. Nc7 Rac8 19. Nxe8 Rxe8 20. Qd4 Bxh3 21. exf6 1-0

[Event "SVK ECo-C Extraliga 2018-19"]
[Site "Slovakia"]
[Date "2019.03.09"]
[Round "7.4"]
[White "Jaroslav, IM Bures"]
[Black "Krzysztof, GM Bulski"]
[Result "1/2-1/2"]
[ECO "E48"]
[WhiteElo "2391"]
[BlackElo "2538"]
[Annotator "ChessBase"]
[PlyCount "48"]
[EventDate "2018.11.10"]
[EventType "team-tourn"]
[EventCountry "SVK"]
[SourceTitle "playchess.com"]
[Source "ChessBase"]
[SourceQuality "1"]
[WhiteTeam "2"]
[BlackTeam "1"]
[TimeControl "40/5400+30:1800+30"]

1. d4 Nf6 2. c4 e6 3. Nc3 Bb4 4. e3 O-O 5. Bd3 d5 6. a3 Be7 7. Nf3 b6 8. cxd5 exd5 9. Ne5 Bb7 10. O-O c5 11. b3 Nc6 12. Nxc6 Bxc6 13. Qf3 Re8 14. Rd1 Qd7 15. Bb2 cxd4 16. exd4 Bd6 17. Re1 Rad8 18. h3 Qb7 19. b4 Bb8 20. b5 Bd7 21. Kf1 Be6 22. g4 h6 23. Bc1 Ne4 24. Nxe4 dxe4 1/2-1/2

[Event "SVK ECo-C Extraliga 2018-19"]
[Site "Slovakia"]
[Date "2019.03.09"]
[Round "7.4"]
[White "Krak, Tomas"]
[Black "Rigo, Zsolt"]
[Result "0-1"]
[ECO "B62"]
[WhiteElo "2298"]
[BlackElo "2395"]
[Annotator "NA"]
[PlyCount "76"]
[EventDate "2018.11.10"]
[EventType "team-tourn"]
[EventCountry "SVK"]
[SourceTitle "playchess.com"]
[Source "ChessBase"]
[SourceQuality "1"]
[WhiteTeam "Snina"]
[BlackTeam "Modra"]
[TimeControl "40/5400+30:1800+30"]

1. e4 c5 2. Nc3 Nc6 3. Nf3 d6 4. d4 cxd4 5. Nxd4 Nf6 6. Bg5 e6 7. Bb5 Bd7 8. Bxc6 bxc6 9. Qf3 h6 10. Bh4 Qb6 11. O-O-O Rb8 12. Nb3 c5 13. Bxf6 gxf6 14. Qxf6 Rg8 15. Nd5 exd5 16. exd5 Be7 17. Rhe1 Be6 18. Qc3 Qb4 19. Qxb4 Rxb4 20. dxe6 Rxg2 21. Na5 Rf4 22. Nc6 Bg5 23. Kb1 Rfxf2 24. h4 Bxh4 25. Rxd6 Rxc2 26. exf7+ Kxf7 27. Rf1+ Kg8 28. Rg1 Rxb2+ 29. Ka1 Rxa2+ 30. Kb1 Rab2+ 31. Ka1 Bg5 32. Rxg2 Rxg2 33. Ne5 h5 34. Nf3 Kg7 35. Rd5 Bf6+ 36. Kb1 Rf2 37. Nd2 h4 38. Ne4 Re2 0-1

[Event "SVK ECo-C Extraliga 2018-19"]
[Site "Slovakia"]
[Date "2019.03.09"]
[Round "7.4"]
[White "Molnar, Erno"]
[Black "Hausner, Ivan"]
[Result "0-1"]
[ECO "B66"]
[WhiteElo "2252"]
[BlackElo "2338"]
[Annotator "NA"]
[PlyCount "63"]
[EventDate "2018.11.10"]
[EventType "team-tourn"]
[EventCountry "SVK"]
[SourceTitle "playchess.com"]
[Source "ChessBase"]
[SourceQuality "1"]
[WhiteTeam "Komarno"]
[BlackTeam "Liptovska"]
[TimeControl "40/5400+30:1800+30"]

1. e4 c5 2. Nf3 d6 3. d4 cxd4 4. Nxd4 Nf6 5. Nc3 Nc6 6. Bg5 e6 7. Qd2 a6 8. f3 Be7 9. O-O-O Bd7 10. h4 h5 {[%emt 0:00:14] B67: Sicilian: Richter-Rauzer: 7...a6 8 0-0-0 Bd7, lines without 9 f4 Be7} (10... Nxd4 11. Qxd4 Bc6 12. Kb1 O-O 13. Qd2 b5 14. Bd3 b4 15. Ne2 a5 16. Be3 Qb8 17. g4 a4 18. Nd4 Bd7 19. h5 b3 20. g5 bxa2+ 21. Ka1 Ne8 22. g6 {0-1 (43) Smirin,I (2609)-Dubov,D (2703) St Petersburg 2018}) 11. f4 b5 12. f5 $146 ({Predecessor:} 12. Qe1 b4 13. Nb1 Qb6 14. Nxc6 Bxc6 15. Nd2 Bb5 16. e5 dxe5 17. fxe5 Ng4 18. Bxe7 Kxe7 19. Qe4 Rac8 20. Re1 a5 21. Bxb5 Qxb5 22. Rhf1 Qc6 23. Qh7 Nh6 24. Qd3 Rcd8 25. Qe2 {½-½ (25) Lakshmi Sahithi,P (2134)-Kiran,M (2261) Tashkent 2007}) 12... b4 13. fxe6 fxe6 14. Nxc6 Bxc6 15. Bxf6 Bxf6 16. Ne2 Rc8 17. Nd4 Qb6 18. Nxc6 Rxc6 19. Kb1 O-O 20. Be2 Qc5 21. g4 $19 (21. Rh3 $17 {was called for.}) 21... Rfc8 22. Bd3 hxg4 23. Rdg1 Qe5 24. Qc1 Rc3 25. Rd1 a5 26. a4 bxa3 27. bxc3 Rb8+ 28. Ka2 Qxc3 29. Bb5 Rxb5 30. Rd3 Rb2+ 31. Ka1 Qc4 32. Rf1 0-1

[Event "SVK ECo-C Extraliga 2018-19"]
[Site "Slovakia"]
[Date "2019.03.09"]
[Round "7.5"]
[White "Marcin, GM Tazbir"]
[Black "Claudiu, FM Zetocha"]
[Result "1/2-1/2"]
[ECO "B40"]
[WhiteElo "2532"]
[BlackElo "2316"]
[Annotator "ChessBase"]
[PlyCount "82"]
[EventDate "2018.11.10"]
[EventType "team-tourn"]
[EventCountry "SVK"]
[SourceTitle "playchess.com"]
[Source "ChessBase"]
[SourceQuality "1"]
[WhiteTeam "1"]
[BlackTeam "2"]
[TimeControl "40/5400+30:1800+30"]

1. e4 c5 2. Nf3 e6 3. d3 Nc6 4. g3 Nge7 5. Bg2 g6 6. Be3 Bg7 7. Qc1 h6 8. O-O d6 9. a4 e5 10. c3 Bg4 11. h3 Be6 12. Kh2 Qd7 13. c4 g5 14. Nc3 f5 15. exf5 Bxf5 16. Ne4 Ng6 17. Ng1 O-O 18. Qd1 Nge7 19. Ne2 Rad8 20. a5 Nd4 21. Nxd4 cxd4 22. Bd2 d5 23. cxd5 Nxd5 24. Qb3 Qf7 25. Rac1 Kh8 26. a6 bxa6 27. Rc6 Ne3 28. Qxf7 Nxf1+ 29. Kg1 Rxf7 30. Kxf1 Rb7 31. b4 Rb6 32. Rc7 Rd7 33. Rc8+ Kh7 34. g4 Bg6 35. Ke2 Rf7 36. Nc5 Rbf6 37. Be1 Rf8 38. Rc7 R8f7 39. Rc8 Rf8 40. Rc7 R8f7 41. Rc8 Rf8 1/2-1/2

[Event "SVK ECo-C Extraliga 2018-19"]
[Site "Slovakia"]
[Date "2019.03.09"]
[Round "7.5"]
[White "Stohl, Igor"]
[Black "Holtman, Teodor"]
[Result "1-0"]
[ECO "A04"]
[WhiteElo "2488"]
[BlackElo "2273"]
[Annotator "ChessBase"]
[PlyCount "52"]
[EventDate "2018.11.10"]
[EventType "team-tourn"]
[EventCountry "SVK"]
[SourceTitle "playchess.com"]
[Source "ChessBase"]
[SourceQuality "1"]
[WhiteTeam "Modra"]
[BlackTeam "Snina"]
[TimeControl "40/5400+30:1800+30"]

1. Nf3 e6 2. c4 f5 3. g3 Nf6 4. Bg2 Be7 5. O-O O-O 6. b3 c6 7. Bb2 Qc7 8. d3 d6 9. Nbd2 e5 10. c5 Be6 11. Qc2 Kh8 12. cxd6 Bxd6 13. Nc4 Nbd7 14. Nxd6 Qxd6 15. e4 Rae8 16. Rad1 c5 17. Rfe1 Ng4 18. exf5 Bxf5 19. Qe2 Qa6 20. Ba1 Ngf6 21. Nxe5 Nxe5 22. Bxe5 Ng4 23. Qb2 Qh6 24. h4 Nxe5 25. Rxe5 b6 26. d4 Qf6 1-0

[Event "SVK ECo-C Extraliga 2018-19"]
[Site "Slovakia"]
[Date "2019.03.09"]
[Round "7.5"]
[White "Haring, Filip"]
[Black "Kukel, Imre"]
[Result "1-0"]
[ECO "B90"]
[WhiteElo "2286"]
[BlackElo "2292"]
[Annotator "NA"]
[PlyCount "55"]
[EventDate "2018.11.10"]
[EventType "team-tourn"]
[EventCountry "SVK"]
[SourceTitle "playchess.com"]
[Source "ChessBase"]
[SourceQuality "1"]
[WhiteTeam "Liptovska"]
[BlackTeam "Komarno"]
[TimeControl "40/5400+30:1800+30"]

1. e4 c5 2. Nf3 d6 3. d4 cxd4 4. Nxd4 Nf6 5. Nc3 a6 6. h3 g6 7. g4 Bg7 8. Be3 O-O 9. Bg2 Nbd7 10. Qe2 e5 11. Nb3 $1 b5 $14 12. O-O-O b4 13. Na4 Qc7 14. Qd2 Qc6 15. Qxb4 Rb8 16. Qa3 Nc5 17. Naxc5 dxc5 18. Qxc5 Qa4 19. Qa5 Qc4 20. Nc5 h5 21. Bf1 Qb4 22. Qxb4 Rxb4 23. f3 h4 24. a3 Rb6 25. b4 Nh7 26. Nd7 Bxd7 27. Bxb6 Bc6 28. Bxa6 1-0

[Event "SVK ECo-C Extraliga 2018-19"]
[Site "Slovakia"]
[Date "2019.03.09"]
[Round "7.5"]
[White "Bury, Rastislav"]
[Black "Jacko, Vladimir"]
[Result "1/2-1/2"]
[ECO "E68"]
[WhiteElo "2137"]
[BlackElo "2317"]
[Annotator "NA"]
[PlyCount "104"]
[EventDate "2018.11.10"]
[EventType "team-tourn"]
[EventCountry "SVK"]
[SourceTitle "playchess.com"]
[Source "ChessBase"]
[SourceQuality "1"]
[WhiteTeam "Osuske"]
[BlackTeam "Prakovce"]
[TimeControl "40/5400+30:1800+30"]

1. d4 Nf6 2. Nf3 g6 3. g3 Bg7 4. Bg2 O-O 5. O-O d6 6. c4 Nbd7 7. Nc3 e5 8. e4 exd4 9. Nxd4 Re8 10. h3 a6 11. Re1 Rb8 12. a4 Ne5 13. Qe2 c5 14. Nf3 Nc6 (14... Nfd7 $11) 15. Bf4 Nh5 16. Bg5 Nd4 {[%emt 0:03:54] [#]} 17. Qd2 $16 Qa5 18. g4 Nf6 19. Rad1 Nd7 20. Nd5 Qxd2 21. Rxd2 Nc6 22. Nc7 Rf8 23. Nd5 f6 24. Bf4 Nde5 25. Nb6 g5 26. Bg3 Rd8 27. Red1 Bf8 28. Bxe5 Nxe5 29. Nxe5 fxe5 30. Nxc8 Rbxc8 31. Bf1 Rc6 32. b3 Rd7 33. Kg2 Rf7 34. f3 Be7 35. Be2 Rf6 36. Rb2 Rb6 37. Rdb1 Rb4 38. Rc2 Bd8 39. Bd3 Ba5 40. Be2 Rb6 41. Kg3 Rh6 42. Bf1 Kf7 43. Kf2 Rc6 44. Ke3 Rc8 45. Kf2 Ke7 46. Ke3 Rf8 47. Bg2 Rhf6 48. Rf1 Bb4 49. Ra1 h5 50. Rcc1 Rh8 51. gxh5 Rxh5 52. Rc2 Rh4 1/2-1/2

[Event "SVK ECo-C Extraliga 2018-19"]
[Site "Slovakia"]
[Date "2019.03.09"]
[Round "7.5"]
[White "Gajdosik, Andrej"]
[Black "Likavsky, Tomas"]
[Result "1/2-1/2"]
[ECO "A41"]
[WhiteElo "2010"]
[BlackElo "2423"]
[Annotator "NA"]
[PlyCount "81"]
[EventDate "2018.11.10"]
[EventType "team-tourn"]
[EventCountry "SVK"]
[SourceTitle "playchess.com"]
[Source "ChessBase"]
[SourceQuality "1"]
[WhiteTeam "Zilina"]
[BlackTeam "Podhajska"]
[TimeControl "40/5400+30:1800+30"]

1. d4 d6 2. Nf3 g6 3. c4 Bg7 4. Nc3 Bg4 5. e3 Nf6 6. Be2 O-O 7. O-O c5 8. b3 Nc6 9. Bb2 cxd4 10. Nxd4 Bxe2 11. Ncxe2 a6 12. a3 Rc8 13. Rc1 Qb6 14. Nxc6 bxc6 15. b4 c5 16. Qa4 Rc7 17. Nf4 e6 18. Nd3 Nd7 19. Rb1 cxb4 20. Bxg7 Kxg7 21. axb4 Qa7 22. Ra1 Rxc4 23. Qxa6 Qc7 24. Rac1 d5 25. Rxc4 Qxc4 26. Qa3 Qb5 27. Nc5 Nb6 28. Qa7 Qc6 29. Qa1+ Kg8 30. h3 Nc4 31. Nd3 Ra8 32. Qd4 Ra2 33. Ne5 Nxe5 34. Qxe5 h5 35. Ra1 Rxa1+ 36. Qxa1 Kf8 37. Qa7 Qb5 38. Qa5 Qb7 39. Qd8+ Kg7 40. Qd6 Qb5 41. h4 1/2-1/2

[Event "SVK ECo-C Extraliga 2018-19"]
[Site "Slovakia"]
[Date "2019.03.09"]
[Round "7.6"]
[White "Bagi, Mate"]
[Black "Vojtek, Vladimir"]
[Result "0-1"]
[ECO "B01"]
[WhiteElo "2453"]
[BlackElo "2313"]
[Annotator "RC"]
[PlyCount "136"]
[EventDate "2018.11.10"]
[EventType "team-tourn"]
[EventCountry "SVK"]
[SourceTitle "playchess.com"]
[Source "ChessBase"]
[SourceQuality "1"]
[WhiteTeam "Streda"]
[BlackTeam "Dubnica"]
[TimeControl "40/5400+30:1800+30"]

1. e4 d5 2. exd5 Qxd5 3. Nc3 Qa5 4. d4 Nf6 5. Nf3 Nc6 6. Bd2 a6 7. h3 e6 8. Bc4 Qb6 9. Qe2 Nxd4 10. Nxd4 Qxd4 11. O-O-O Qc5 12. g4 b5 13. Bb3 Bb7 14. Be3 Qc6 15. g5 Ne4 16. Nxe4 Qxe4 17. Qd2 Bd6 18. Qc3 Qe5 19. Qxe5 Bxe5 20. Rhe1 Bf3 21. Rd2 Rd8 22. Rxd8+ Kxd8 23. c4 Ke7 24. a4 bxa4 25. Bxa4 Rb8 26. Bc5+ Bd6 27. Be3 Rb4 28. b3 Rb8 29. h4 Bb4 30. Rg1 Rd8 31. c5 Be4 32. Kb2 Bd2 33. Rg4 Bf5 34. Rc4 Bd3 35. Rg4 Be2 36. Rf4 Bxe3 37. fxe3 Rd2+ 38. Ka3 Rd3 39. Rb4 Rc3 40. Rd4 Rd3 41. Rb4 Rd5 42. Rb8 Rxc5 43. Kb4 Rc1 44. Re8+ Kd6 45. Rd8+ Ke5 46. Rd7 Bh5 47. Ka5 Ke4 48. Kxa6 Kxe3 49. Re7 c5 50. Bb5 Rh1 51. Kb6 Rxh4 52. Kxc5 Rg4 53. b4 Rxg5+ 54. Kb6 Rg4 55. Kc5 Rg5+ 56. Kb6 Rg1 57. Bc6 g5 58. b5 g4 59. Kc7 g3 60. b6 Rc1 61. b7 Rxc6+ 62. Kxc6 Bf3+ 63. Kd6 Bxb7 64. Rxb7 g2 65. Rb3+ Kf2 66. Rb2+ Kg3 67. Rb3+ Kh2 68. Rb2 Kh1 0-1

[Event "SVK ECo-C Extraliga 2018-19"]
[Site "Slovakia"]
[Date "2019.03.09"]
[Round "7.6"]
[White "Pcola, Pavol"]
[Black "Schwarz, Dusan"]
[Result "1-0"]
[ECO "A20"]
[WhiteElo "2381"]
[BlackElo "2331"]
[Annotator "NA"]
[PlyCount "83"]
[EventDate "2018.11.10"]
[EventType "team-tourn"]
[EventCountry "SVK"]
[SourceTitle "playchess.com"]
[Source "ChessBase"]
[SourceQuality "1"]
[WhiteTeam "Snina"]
[BlackTeam "Modra"]
[TimeControl "40/5400+30:1800+30"]

1. c4 e5 2. g3 Nf6 3. Bg2 Nc6 4. Nc3 Bc5 5. a3 a5 6. e3 O-O 7. Nge2 Re8 8. O-O d6 9. d4 exd4 10. exd4 Ba7 11. h3 Bf5 12. g4 Bg6 13. Bg5 h6 14. Bh4 Bh7 15. f4 Qd7 16. Bxf6 gxf6 17. f5 Kg7 18. Kh2 Re3 19. Nd5 Rxe2 20. Qxe2 Bxd4 21. Rae1 Be5+ 22. Kh1 h5 23. Nf4 hxg4 24. hxg4 Rh8 25. Nh5+ Kf8 26. Qd2 Bg6 27. fxg6 fxg6 28. Qg5 gxh5 29. Rxf6+ Ke8 30. gxh5 Qe7 31. Rg6 Qxg5 32. Bxc6+ bxc6 33. Rxg5 Kf7 34. Rf1+ Ke6 35. b3 a4 36. bxa4 c5 37. Kg2 Ra8 38. h6 Rxa4 39. h7 Bd4 40. Rg6+ Kd7 41. Rf7+ Kc6 42. Rgg7 {[%emt 0:00:00] Kd5} 1-0

[Event "SVK ECo-C Extraliga 2018-19"]
[Site "Slovakia"]
[Date "2019.03.09"]
[Round "7.6"]
[White "Rastislav, FM Briestensky"]
[Black "Martin, FM Jurcik"]
[Result "1-0"]
[ECO "D05"]
[WhiteElo "2345"]
[BlackElo "2354"]
[Annotator "ChessBase"]
[PlyCount "149"]
[EventDate "2018.11.10"]
[EventType "team-tourn"]
[EventCountry "SVK"]
[SourceTitle "playchess.com"]
[Source "ChessBase"]
[SourceQuality "1"]
[WhiteTeam "2"]
[BlackTeam "1"]
[TimeControl "40/5400+30:1800+30"]

1. Nf3 d5 2. d4 Nf6 3. e3 e6 4. Bd3 c5 5. c3 Nbd7 6. O-O Bd6 7. Nbd2 O-O 8. e4 cxd4 9. cxd4 e5 10. exd5 exd4 11. Ne4 Nxe4 12. Bxe4 Nf6 13. Bg5 h6 14. Bxf6 Qxf6 15. Qxd4 Qxd4 16. Nxd4 Bd7 17. Rfd1 g6 18. Rac1 Rfe8 19. Bf3 Rac8 20. Rxc8 Rxc8 21. h3 Be5 22. b3 Kg7 23. Kf1 Re8 24. Be2 a6 25. Bg4 f5 26. Bf3 Bd6 27. Nc6 Kf6 28. Na5 b5 29. Nc6 Rc8 30. a4 Rc7 31. axb5 axb5 32. Ra1 Bxc6 33. dxc6 Re7 34. Ra6 Kg7 35. Be2 b4 36. Bc4 Bc7 37. Ra8 Kf6 38. Ra4 Bd6 39. Ra6 Bc7 40. Ra8 Kg7 41. g3 Kf6 42. Rf8+ Kg7 43. Rg8+ Kf6 44. Kg2 Bd6 45. Rd8 Bc7 46. Rg8 Bd6 47. Kf3 Rc7 48. Bb5 Kf7 49. Ra8 Re7 50. Rd8 Bc5 51. Rd5 Ba7 52. g4 fxg4+ 53. hxg4 Kg7 54. Rd2 Bb6 55. Bc4 Bc7 56. Ra2 Bd6 57. Bd5 Bc7 58. Ra4 Bd6 59. Be4 Bc5 60. Ra2 Bd6 61. Ke3 h5 62. gxh5 gxh5 63. f4 Rf7 64. Rg2+ Kf8 65. f5 h4 66. Rg6 Be5 67. Rh6 Bf6 68. Kd3 Bg5 69. Rg6 Bf4 70. Rg4 Bg3 71. Kc4 Be1 72. Rg1 Bc3 73. Rg5 Bd2 74. Rh5 Be1 75. Bd5 1-0

[Event "SVK ECo-C Extraliga 2018-19"]
[Site "Slovakia"]
[Date "2019.03.09"]
[Round "7.6"]
[White "Chovan, Milan"]
[Black "Turcel, Jozef"]
[Result "1-0"]
[ECO "D83"]
[WhiteElo "2336"]
[BlackElo "2030"]
[Annotator "NA"]
[PlyCount "45"]
[EventDate "2018.11.10"]
[EventType "team-tourn"]
[EventCountry "SVK"]
[SourceTitle "playchess.com"]
[Source "ChessBase"]
[SourceQuality "1"]
[WhiteTeam "Podhajska"]
[BlackTeam "Zilina"]
[TimeControl "40/5400+30:1800+30"]

1. d4 Nf6 2. c4 g6 3. Nc3 d5 4. Bf4 Bg7 5. e3 O-O 6. Rc1 c5 7. dxc5 Qa5 8. cxd5 Rd8 9. Bc4 Be6 10. e4 Nxe4 11. Nge2 Nxf2 12. Qb3 Nxh1 13. dxe6 Qxc5 14. exf7+ Kf8 15. Ne4 Qa5+ 16. Kf1 h6 17. Kg1 Nc6 18. Kxh1 Nd4 19. Qe3 g5 20. Bxg5 Nxe2 21. Bxe7+ Kxe7 22. Nc5+ Kd6 23. Nxb7+ {[%emt 0:04:55] Kd5} 1-0

[Event "SVK ECo-C Extraliga 2018-19"]
[Site "Slovakia"]
[Date "2019.03.09"]
[Round "7.6"]
[White "Zambor, Norbert"]
[Black "Jozefek, Michal"]
[Result "1-0"]
[ECO "B52"]
[WhiteElo "2260"]
[BlackElo "2201"]
[Annotator "NA"]
[PlyCount "283"]
[EventDate "2018.11.10"]
[EventType "team-tourn"]
[EventCountry "SVK"]
[SourceTitle "playchess.com"]
[Source "ChessBase"]
[SourceQuality "1"]
[WhiteTeam "Prakovce"]
[BlackTeam "Osuske"]
[TimeControl "40/5400+30:1800+30"]

1. e4 c5 2. Nf3 d6 3. Bb5+ Bd7 4. Bxd7+ Qxd7 5. O-O Nc6 6. c3 Nf6 7. d4 cxd4 8. cxd4 d5 9. e5 Ne4 10. Ne1 h6 11. Be3 e6 12. f3 Ng5 13. Nd3 Be7 14. Nd2 $14 Rc8 15. h4 Nh7 16. f4 Nf8 17. h5 g6 18. Rf3 Nb4 19. Ne1 gxh5 20. Rh3 h4 21. a3 Nc6 22. b4 h5 23. Nd3 b6 24. f5 exf5 25. Nf4 Ne6 26. Nxh5 f4 27. Bf2 Qd8 28. Qg4 Kf8 29. Nf3 Rg8 30. Qf5 Ng5 31. Nxg5 Bxg5 32. Nxf4 Ne7 33. Qg4 Rc2 34. Rf1 Qc8 35. Qxc8+ Rxc8 36. Bxh4 Bxf4 37. Rxf4 Ng6 38. Rf2 Rh8 39. Bg5 Rxh3 40. gxh3 Rc3 41. Kg2 Kg8 42. Rf3 Rc4 43. Rd3 Nf8 44. Be3 Ne6 45. h4 Kh7 46. Kf3 Rc2 47. Kg4 Ng7 48. Kg5 Rc6 49. b5 Rg6+ 50. Kf4 Rg2 51. Rb3 Kg6 52. Rb4 Rh2 53. Kg3 Rc2 54. Ra4 Nf5+ 55. Kf4 Rh2 56. h5+ Rxh5 57. Bf2 Rh2 58. Kf3 Rh3+ 59. Ke2 Rb3 60. Rxa7 Rxb5 61. Rd7 Rb2+ 62. Kf3 Rb3+ 63. Ke2 Rxa3 64. Rxd5 f6 65. e6 Ra8 66. Rb5 Rd8 67. Kd3 Rd6 68. d5 Ne7 69. Kc4 Nxd5 70. Rxd5 Rxe6 71. Rb5 Re4+ 72. Kd3 Rf4 73. Be3 Rf1 74. Rxb6 Rd1+ 75. Bd2 Rf1 76. Ke2 Rf5 77. Bc3 Kg5 78. Ke3 Rf1 79. Rb8 Rh1 80. Rf8 Rh3+ 81. Kd2 Rh2+ 82. Ke1 f5 83. Be5 Rh6 84. Kf2 Ra6 85. Rg8+ Rg6 86. Bf4+ Kh5 87. Ra8 Kg4 88. Ra4 Re6 89. Be5+ Kg5 90. Ra5 Rb6 91. Ra8 Re6 92. Ra5 Rb6 93. Ra1 Rb4 94. Ra8 Rb6 95. Ra4 Re6 96. Bf4+ Kg4 97. Bh2+ Re4 98. Ra7 Kg5 99. Kf3 Rb4 100. Rg7+ Kf6 101. Rg8 Rb3+ 102. Kg2 Rb2+ 103. Kh3 Rb4 104. Bg3 Rg4 105. Rf8+ Ke6 106. Bh2 Ra4 107. Kg3 Rb4 108. Bg1 Rg4+ 109. Kf2 Ra4 110. Kf3 Rb4 111. Be3 Ra4 112. Bf4 Ra3+ 113. Be3 Ra4 114. Re8+ Kf6 115. Rd8 Ke6 116. Rd1 Re4 117. Bf4 Ke7 118. Rd5 Ke6 119. Rd2 Ke7 120. Rh2 Ra4 121. Rh5 Kf6 122. Rh6+ Kg7 123. Rd6 Kf7 124. Be5 Ke7 125. Rf6 Ra5 126. Kf4 Rb5 127. Kxf5 Rb1 128. Rh6 Rf1+ 129. Bf4 Kd7 130. Rd6+ Ke7 131. Rc6 Kd8 132. Ke5 Kd7 133. Rd6+ Kc7 134. Rd4 Kc6 135. Rc4+ Kd7 136. Kf5 Re1 137. Rc7+ Kd8 138. Rh7 Kc8 139. Be5 Rg1 140. Ke6 Rg5 141. Rc7+ Kd8 142. Rc5 1-0

[Event "SVK ECo-C Extraliga 2018-19"]
[Site "Slovakia"]
[Date "2019.03.09"]
[Round "7.6"]
[White "Joba, Arpad"]
[Black "Cech, Pavel"]
[Result "0-1"]
[ECO "C18"]
[WhiteElo "2009"]
[BlackElo "2324"]
[Annotator "NA"]
[PlyCount "70"]
[EventDate "2018.11.10"]
[EventType "team-tourn"]
[EventCountry "SVK"]
[SourceTitle "playchess.com"]
[Source "ChessBase"]
[SourceQuality "1"]
[WhiteTeam "Komarno"]
[BlackTeam "Liptovska"]
[TimeControl "40/5400+30:1800+30"]

1. e4 e6 2. d4 d5 3. Nc3 Bb4 4. e5 c5 5. a3 Bxc3+ 6. bxc3 Ne7 7. Qg4 Qc7 8. Qxg7 Rg8 9. Qxh7 cxd4 10. Ne2 Nbc6 11. f4 Bd7 12. Qd3 dxc3 13. Rb1 d4 14. g3 O-O-O 15. Bg2 Nf5 16. O-O Kb8 17. Rf2 Bc8 $11 18. Be4 b6 19. Rg2 Bb7 20. g4 Nh4 21. Rg3 a5 22. g5 Ka7 23. Rh3 Nf5 24. Bxf5 exf5 25. Ng3 Ne7 26. Rh6 Rg6 27. Rh7 Qc6 28. Kf2 Qg2+ 29. Ke1 Ba6 30. Rb5 Bxb5 31. Qxb5 Qxc2 32. Ne2 d3 33. Nxc3 Qxc1+ 34. Nd1 Qxf4 35. Rxf7 Re6 0-1

[Event "SVK ECo-C Extraliga 2018-19"]
[Site "Slovakia"]
[Date "2019.03.09"]
[Round "7.7"]
[White "Meszaros, Michal"]
[Black "Zpevak, Pavel"]
[Result "*"]
[ECO "D23"]
[WhiteElo "2358"]
[BlackElo "2340"]
[Annotator "NA"]
[PlyCount "24"]
[EventDate "2018.11.10"]
[EventType "team-tourn"]
[EventCountry "SVK"]
[SourceTitle "playchess.com"]
[Source "ChessBase"]
[SourceQuality "1"]
[WhiteTeam "Streda"]
[BlackTeam "Dubnica"]
[TimeControl "40/5400+30:1800+30"]

1. d4 d5 2. c4 dxc4 3. Nf3 Nf6 4. g3 a6 5. Bg2 Nc6 6. O-O e6 7. e3 Rb8 8. Qe2 b5 9. b3 cxb3 10. axb3 Bb7 11. Bb2 Nb4 12. Rc1 Be7 *

[Event "SVK ECo-C Extraliga 2018-19"]
[Site "Slovakia"]
[Date "2019.03.09"]
[Round "7.7"]
[White "Zpevak, Pavel"]
[Black "Meszaros, Michal"]
[Result "1/2-1/2"]
[ECO "D23"]
[WhiteElo "2340"]
[BlackElo "2358"]
[Annotator "ChessBase"]
[PlyCount "64"]
[EventDate "2018.11.10"]
[EventType "team-tourn"]
[EventCountry "SVK"]
[SourceTitle "playchess.com"]
[Source "ChessBase"]
[SourceQuality "1"]
[WhiteTeam "Dubnica"]
[BlackTeam "Streda"]
[TimeControl "40/5400+30:1800+30"]

1. d4 d5 2. c4 dxc4 3. Nf3 Nf6 4. g3 a6 5. Bg2 Nc6 6. O-O e6 7. e3 Rb8 8. Qe2 b5 9. b3 cxb3 10. axb3 Bb7 11. Bb2 Nb4 12. Rc1 Be7 13. Nbd2 O-O 14. Ne5 Bxg2 15. Kxg2 Rb6 16. Ba3 Nd7 17. Ndf3 Nxe5 18. Nxe5 f6 19. Bxb4 Bxb4 20. Nc6 Qa8 21. Qf3 Bd6 22. Rc2 Qe8 23. Na5 e5 24. Nb7 e4 25. Qf5 g6 26. Qd5+ Kh8 27. Nxd6 Rxd6 28. Qb7 Qc8 29. Qxc7 Qxc7 30. Rxc7 f5 31. Rac1 Kg8 32. b4 Rf7 1/2-1/2